Map: Altitude LE

Players

A.I. 1 (Very Easy) - Winner!

  • Race: Terran Terran
  • Spawn Location: 7:00

tvo

  • Race: Terran Terran
  • League: Gold
  • Spawn Location: 1:00

VOD

Have the link to the VOD?

Description

Time

  • Played on: Aug. 22, 2023, 9:23 p.m.
  • Length: 8:15
Show
View Real Time Build Order
Export as new Build Order

A.I. 1 (Very Easy) Terran - Winner!

Build Orders:  

Get SALT Encoding   

  12  0:00  SCV  
  13  0:13  SCV  
  14  0:18  Supply Depot  
  14  0:42  Barracks  
  14  0:57  Supply Depot  
  14  1:02  Refinery  
  14  1:06  SCV  
  15  1:15  Refinery  
  15  1:18  SCV  
  16  1:30  SCV, Marine  
  18  1:42  SCV  
  19  1:49  Reaper  
  20  1:55  SCV  
  21  2:07  SCV  
  22  2:20  Orbital Command  
  22  2:45  Marine  
  22  2:46  SCV  
  22  2:47  Supply Depot  
  24  3:09  SCV  
  24  3:11  Factory  
  25  3:13  Supply Depot  
  25  3:22  SCV  
  25  3:34  SCV  
  25  3:35  Marine  
  27  3:47  SCV  
  28  3:54  Barracks Tech Lab  
  28  3:56  Starport  
  28  3:59  SCV  
  29  4:11  SCV  
  30  4:26  Marauder  
  32  4:34  Starport Tech Lab  
  32  4:53  Raven  
  34  5:15  Marine  
  35  5:27  Raven  
  37  6:05  Marine  
  37  6:09  Command Center  
  37  6:56  Marauder  
  39  7:23  SCV  
  40  7:30  SCV  
  41  7:37  SCV  
  41  7:40  Refinery x2  
  42  7:44  SCV  
  43  7:51  SCV  
  44  7:58  SCV  
Show
View Real Time Build Order
Export as new Build Order

tvo Terran 

Build Orders: Cyclone Opening, Mech 

Get SALT Encoding   

  12  0:00  SCV  
  13  0:12  SCV  
  14  0:17  Supply Depot  
  14  0:24  SCV  
  15  0:38  SCV  
  15  0:40  Barracks  
  16  0:44  Refinery  
  16  0:51  SCV  
  17  1:03  SCV  
  18  1:15  SCV  
  19  1:26  Marine  
  19  1:27  Orbital Command  
  20  1:44  Command Center  
  20  1:56  Factory  
  20  1:58  Marine  
  21  2:05  Refinery  
  21  2:08  SCV  
  22  2:16  Supply Depot  
  22  2:18  Barracks Tech Lab  
  22  2:23  SCV  
  23  2:38  SCV  
  24  2:46  Cyclone  
  24  2:49  Starport  
  27  2:59  Orbital Command  
  27  3:01  SCV  
  28  3:08  Refinery  
  28  3:12  Marine  
  29  3:19  Siege Tank  
  32  3:23  SCV  
  33  3:34  Supply Depot  
  33  3:39  Fusion Core  
  33  3:41  Marine  
  34  3:45  SCV  
  35  3:54  SCV  
  36  4:00  Barracks Reactor  
  36  4:02  Factory Tech Lab  
  36  4:03  SCV  
  36  4:06  SCV  
  36  4:09  Bunker  
  38  4:15  SCV  
  39  4:18  SCV  
  40  4:30  Battlecruiser  
  46  4:33  SCV x2  
  46  4:38  Supply Depot  
  48  4:46  SCV  
  48  4:47  SCV  
  50  4:57  Command Center  
  50  5:00  SCV  
  50  5:01  SCV  
  50  5:06  Siege Tank  
  55  5:14  SCV x2  
  55  5:15  Refinery  
  55  5:20  Supply Depot  
  57  5:22  Supply Depot  
  57  5:30  Factory  
  57  5:35  Factory  
  57  5:38  Siege Tank  
  60  5:48  Factory  
  60  5:49  SCV  
  61  5:50  SCV, Starport Reactor  
  62  6:02  Armory  
  62  6:05  Engineering Bay  
  62  6:08  SCV x2  
  64  6:13  Supply Depot  
  64  6:18  Orbital Command  
  64  6:24  Factory  
  64  6:30  Factory  
  64  6:33  Factory  
  64  6:39  SCV x2  
  66  6:51  SCV x2  
  68  6:54  Orbital Command  
  68  6:58  Refinery  
  68  7:00  Siege Tank  
  71  7:01  Refinery  
  71  7:03  SCV x2  
  71  7:07  Siege Tank  
  76  7:15  Factory Tech Lab, SCV  
  76  7:16  Factory Reactor  
  76  7:20  SCV x2  
  76  7:21  Starport Reactor  
  79  7:24  Supply Depot  
  79  7:26  Hellion x2  
  79  7:27  Hellion  
  85  7:36  SCV x2  
  87  7:37  SCV  
  87  7:38  Siege Tank  
  97  7:51  SCV  
  97  7:52  SCV x2  
  100  8:02  Supply Depot  
  100  8:04  Supply Depot  
  100  8:09  Supply Depot  
  100  8:10  Supply Depot  
Tags
 
Composition
Mech
League
Gold
Matchup
TvT
Race
Terran
Spawn Locations
Cross Positions
Add a new tag
Caveats
  • Supply blocks, unpowered buildings, or Contaminate may cause inaccurate times.
  • Supply counts are checked every 10 seconds.